 Dungeon Crawl Stone Soup version 0.29-a0-1009-g60c99734e7 (webtiles) character file.

Game seed: 4324219662140157955

352 wingedge the Shooter (level 6, 0/47 HPs)
             Began as a Human Wanderer on Aug 8, 2022.
             Was a Follower of Uskayaw.
             Slain by a sky beast (6 damage)
             ... on level 7 of the Dungeon.
             The game lasted 00:07:15 (2110 turns).

wingedge the Shooter (Human Wanderer)               Turns: 2110, Time: 00:07:16

Health: 0/47       AC:  5    Str: 10    XL:     6   Next: 94%
Magic:  6/6        EV: 16    Int: 12    God:    Uskayaw [*.....]
Gold:   204        SH:  0    Dex: 17    Spells: 5/5 levels left

rFire   . . .      SeeInvis .   n - +2 short sword (venom)
rCold   . . .      Faith    .   (no shield)
rNeg    . . .      Spirit   .   k - +0 leather armour
rPois   .          Reflect  .   s - +1 helmet
rElec   .          Harm     .   (no cloak)
rCorr   .          Rampage  .   (no gloves)
Will    .....                   (no boots)
Stlth   +.........              (no amulet)
HPRegen 0.15/turn               e - +4 ring of evasion
MPRegen 0.10/turn               (no ring)

@: mighty, silenced
A: no striking features
a: Renounce Religion


You were on level 7 of the Dungeon.
You worshipped Uskayaw.
Uskayaw was noncommittal.
You visited 1 branch of the dungeon, and saw 5 of its levels.

You collected 204 gold pieces.

Inventory:

Hand Weapons
 a - a +3 sling
 b - a +0 falchion
 n - a +2 short sword of venom (weapon)
 q - a +0 war axe
Armour
 d - a +0 robe
 k - a +0 leather armour (worn)
 s - a +1 helmet (worn)
Jewellery
 e - a +4 ring of evasion (left hand)
Scrolls
 m - a scroll of teleportation
 r - a scroll of fog {unknown}
 t - a scroll of enchant weapon {unknown}
 u - a scroll of identify {unknown}
Potions
 c - a potion of lignification
 f - a potion of magic
 h - 2 potions of curing {unknown}
 j - 2 potions of might
 l - a potion of mutation {unknown}
 o - 2 potions of haste {unknown}
 p - a potion of attraction {unknown}


   Skills:
 - Level 3.0 Fighting
 - Level 2.0 Long Blades
 - Level 6.0 Ranged Weapons
 + Level 2.5 Armour
 + Level 2.5 Dodging
 + Level 2.6 Stealth
 - Level 1.0 Invocations


You had 5 spell levels left.
You didn't know any spells.
Your spell library contained the following spells:

 Spells                   Type           Power      Damage    Failure   Level
 Borgnjor's Revivificati  Necr           0%         N/A       100%        8
 Necromutation            Tmut/Necr      0%         N/A       100%        8
 Death's Door             Necr           0%         N/A       100%        9


Dungeon Overview and Level Annotations

Branches:
Dungeon (4/15)
 Temple: D:4-7

Altars:
Uskayaw

Shops:
D:1 !


Message History

The hornet stings you!
You feel yourself slow down.
A sky beast comes into view.
The hornet stings you.
You feel as though you will be slow longer.
You hit the hornet.
The hornet looks as sick as possible!
The hornet is heavily wounded.
The hornet misses you. The hornet barely misses you.
You miss the hornet.
The hornet is almost dead.
You kill the hornet!
The sky beast flickers out of sight!
Deactivating autopickup; reactivate with Ctrl-A.
Your Armour skill increases to level 2!
Your Dodging skill increases to level 2!
Your Stealth skill increases to level 2!
You have reached level 6!
As you read the scroll labelled VUEDGH CAM KEN, it crumbles to dust.
A profound silence engulfs you.
It was a scroll of silence.
You feel yourself speed up.
Magic scrolls do not work when you're silenced!
It was a potion of might.
You feel very mighty all of a sudden.
You miss something. Something barely misses you.
You barely miss something.
A sky beast appears from thin air!
Reactivating autopickup.
The sky beast barely misses you.
You closely miss the sky beast.
The sky beast flickers out of sight!
Deactivating autopickup; reactivate with Ctrl-A.
Something hits you but does no damage.
You barely miss something. Something hits you. Something shocks you.
You barely miss something. Something hits you. Something shocks you.
* * * LOW HITPOINT WARNING * * *
You miss something. Something hits you.
* * * LOW HITPOINT WARNING * * *
Something shocks you.
* * * LOW HITPOINT WARNING * * *
It was a potion of magic.
Magic courses through your body. Something hits you.
* * * LOW HITPOINT WARNING * * *
Something shocks you.
You die...

#########
#........
#........
#........
#........
#........
#........
#.#######
#@......#
#.....{#......#
#......#..)...#
#......#....###
#......#....##
#......#.....#
#......#.....#
#......#.....#
#.....#


There were no monsters in sight!

Vanquished Creatures
  A hornet (D:7)
  A hound (D:3)
  4 adders
  3 worms
  3 dart slugs
  2 endoplasms (D:1)
  4 giant cockroaches
  4 goblins
  9 hobgoblins
  3 quokkas (D:2)
  5 ball pythons
  9 bats
  A frilled lizard (D:2)
  10 kobolds
  3 rats
62 creatures vanquished.

Notes
Turn   | Place    | Note
-------+----------+-------------------------------------------
     0 | D:1      | wingedge the Human Wanderer began the quest for the Orb.
     0 | D:1      | wingedge set off with the following items: a +3 sling, a +0
                  | falchion, a potion of lignification, a +0 robe.
     0 | D:1      | Reached XP level 1. HP: 18/18 MP: 1/1
    15 | D:1      | Noticed a merfolk zombie
    87 | D:1      | Reached skill level 1 in Stealth
    87 | D:1      | Reached XP level 2. HP: 21/24 MP: 2/2
    88 | D:1      | Reached skill level 1 in Dodging
   368 | D:1      | Found Cumeowok's Distillery.
   373 | D:1      | Reached XP level 3. HP: 29/29 MP: 3/3
   458 | D:1      | Found a faded altar of an unknown god.
   467 | D:1      | Prayed at the altar of an unknown god.
   467 | D:1      | Became a worshipper of Uskayaw the Reveller
   467 | D:1      | Reached * piety under Uskayaw
   756 | D:2      | Reached ** piety under Uskayaw
   797 | D:2      | Reached skill level 1 in Invocations
   902 | D:2      | Reached XP level 4. HP: 35/35 MP: 4/4
  1042 | D:2      | Reached skill level 5 in Ranged Weapons
  1597 | D:3      | Reached XP level 5. HP: 41/41 MP: 5/5
  2015 | D:3      | Reached skill level 6 in Ranged Weapons
  2078 | D:4      | You fall into a shaft and drop 3 floors!
  2092 | D:7      | Noticed a hornet
  2099 | D:7      | Noticed a sky beast
  2101 | D:7      | Killed a hornet
  2102 | D:7      | Reached XP level 6. HP: 26/47 MP: 6/6
  2110 | D:7      | Slain by a sky beast

Illustrated notes

Levels and vault maps discovered:
D:1:      shiori_arrival_whats_in_store_for_you, layout_rooms, serial_shops,
          shop_fountains, hellmonk_ecumenical_altar_prayer_group,
          chequers_serial_rivers_large_b
D:2:      layout_rooms
D:3:      layout_basic, minmay_statues_item
D:4:      layout_rooms, uniq_grinder, uniq_eustachio
D:7:      layout_gridville

Skill      XL: |  1  2  3  4  5 |
---------------+----------------+-----
Stealth        | 1 2 |  2.6
Dodging        | 1 2 |  2.5
Invocations    | 1 |  1.0
Ranged Weapons | 5 6 |  6.0
Armour         | 2 |  2.5
Fighting       | |  3.0
Long Blades    | |  2.0

Action                   |  1- 3 |  4- 6 || total
-------------------------+-------+-------++-------
Melee: Short sword       |       |    11 ||    11
 Fire: Sling             |    66 |    84 ||   150
  Use: Scroll            |       |     3 ||     3
       Potion            |       |     2 ||     2
Armor: Robe              |     3 |       ||     3
       Leather armour    |     2 |     5 ||     7
Dodge: Dodged            |    27 |    19 ||    46

Table legend: (Time is in decaauts)
 A = Elapsed time spent in this place.
 B = Non-inter-level travel time spent in this place.
 C = Inter-level travel time spent in this place.
 D = Time resting spent in this place.
 E = Time spent auto-exploring this place.
 F = Levels seen in this place.
 G = Mean time per level.
                   A        B        C        D        E       F      G
               +--------+--------+--------+--------+--------+-----+--------+
         Total |   2163 |   2106 |     57 |    116 |   1567 |   5 |  432.6 |
       Dungeon |   2163 |   2106 |     57 |    116 |   1567 |   5 |  432.6 |
               +--------+--------+--------+--------+--------+-----+--------+

Top non-repeatable levels by time:
     D:3: 819 daAuts
     D:1: 770 daAuts
     D:2: 540 daAuts
     D:7: 33 daAuts
